 Dungeon Crawl Stone Soup version 0.20-a0-972-gb9bd3e6 (webtiles) character file.

50472 erloom the Warrior (level 14, -4/137 HPs)
             Began as a Minotaur Fighter on Apr 9, 2017.
             Was the Champion of Okawaru.
             Succumbed to a black mamba's poison
             ... on level 6 of the Lair of Beasts.
             The game lasted 01:08:57 (23260 turns).

erloom the Warrior (Minotaur Fighter)              Turns: 23260, Time: 01:08:58

Health: -4/137     AC: 21    Str: 22    XL:     14   Next: 19%
Magic:  18/18      EV:  9    Int:  8    God:    Okawaru [******]
Gold:   973        SH:  0    Dex: 11    Spells: 13/13 levels left

rFire    . . .     SeeInvis +   v - +2 executioner's axe (chop)
rCold    . . .     Gourm    .   (shield currently unavailable)
rNeg     . . .     Faith    +   o - +2 plate armour
rPois    .         Spirit   .   (helmet restricted)
rElec    .         Reflect  .   y - +0 cloak
rCorr    .         Harm     .   (no gloves)
MR       +....                  x - +0 pair of boots
Stlth    ..........             I - amulet of faith
Regen    0.4/turn               M - ring of see invisible
MPRegen  0.2/turn               w - +1 ring of evasion

@: lethally poisoned (-4 -> -55), very slightly contaminated, invisible
A: retaliatory headbutt, horns 2
a: Heroism, Finesse, Renounce Religion


You were on level 6 of the Lair of Beasts.
You worshipped Okawaru.
Okawaru was exalted by your worship.
You were not hungry.

You visited 3 branches of the dungeon, and saw 18 of its levels.
You also visited: Sewer.

You collected 973 gold pieces.

Inventory:

Hand Weapons
 u - a +2 antimagic hand axe
 v - a +2 executioner's axe of chopping (weapon)
 A - a +3 broad axe of freezing
 O - a +0 morningstar of protection
Armour
 c - a +0 shield
 o - a +2 plate armour (worn)
 s - the +3 scale mail "Zyoskis" {+Fly}
   (You found it on level 2 of the Lair of Beasts)

   It lets you fly.
 x - a +0 pair of boots (worn)
 y - a +0 cloak (worn)
 H - the +3 ring mail of the Ban {Dex+5 SInv}
   (Okawaru gifted it to you on level 3 of the Lair of Beasts)

   It affects your dexterity (+5).
   It lets you see invisible.
Jewellery
 w - a +1 ring of evasion (right hand)
 I - an amulet of faith (around neck)
 M - a ring of see invisible (left hand)
 U - an uncursed amulet of the gourmand
Wands
 a - a wand of random effects (30/48)
 b - a wand of random effects (22/48)
 d - a wand of polymorph (5/24)
 i - a wand of disintegration (12/24)
 n - a wand of iceblast (8/15)
 B - a wand of lightning (14/15)
 K - a wand of flame (26/48)
 Q - a wand of flame (26/48)
 S - a wand of disintegration (11/24)
 T - a wand of disintegration (12/24)
 V - a wand of random effects (22/48)
Scrolls
 g - 5 scrolls of identify
 j - a scroll of blinking
 k - 2 scrolls of fog
 m - a scroll of enchant armour
 r - 4 scrolls of teleportation
 t - 10 scrolls of remove curse
 J - a scroll of amnesia
 P - 3 scrolls of magic mapping
Potions
 e - 4 potions of agility
 z - 5 potions of flight
 G - 2 potions of invisibility
 N - a potion of resistance
Books
 p - a book of Clouds

   Spells                             Type                      Level
   a - Poisonous Vapours              Poison/Air                   2
   b - Mephitic Cloud                 Conjuration/Poison/Air       3
   c - Conjure Flame                  Conjuration/Fire             3
   d - Freezing Cloud                 Conjuration/Ice/Air          6
   e - Ring of Flames                 Charms/Fire                  7
 E - the Reference Book on the Excruciating Mountains
   (You found it on level 3 of the Lair of Beasts)

   Spells                             Type                      Level
   a - Flame Tongue                   Conjuration/Fire             1
   b - Shock                          Conjuration/Air              1
   c - Sandblast                      Earth                        1
   d - Searing Ray                    Conjuration                  2
   e - Fulminant Prism                Conjuration/Hexes            4
   f - Fireball                       Conjuration/Fire             5
   g - Bolt of Magma                  Conjuration/Fire/Earth       5
Miscellaneous
 F - a lamp of fire
Comestibles
 f - 12 bread rations
 h - 12 fruits
 l - 2 royal jellies
 C - 3 meat rations


   Skills:
 + Level 16.2 Fighting
 + Level 15.6 Axes
 + Level 14.0 Armour
 + Level 3.0 Dodging
 - Level 8.6 Shields
 + Level 7.2 Evocations


You had 13 spell levels left.
You didn't know any spells.

Dungeon Overview and Level Annotations

Branches:
Dungeon (11/15)            Temple (1/1) D:5            Lair (6/6) D:11
  Swamp (0/4) Lair:2       Spider (0/4) Lair:4          Orc (0/2) D:9
  Slime: Lair:5-6

Altars:
Ashenzari
Cheibriados
Dithmenos
Elyvilon
Fedhas
Gozag
Hepliaklqana
Kikubaaqudgha
Makhleb
Nemelex Xobeh
Okawaru
Qazlal
Ru
Sif Muna
Trog
Uskayaw
Vehumet
Wu Jian
Xom
Yredelemnul
Zin
The Shining One
Lugonu

Shops:
D:6 }   D:8 :   D:10 *

Annotations:
Lair:4 exclusion: oklob plant
Lair:5 exclusion: 3 oklob plants


Innate Abilities, Weirdness & Mutations

You reflexively headbutt those who attack you in melee.
You have a pair of horns on your head.


Message History

* * * LOW HITPOINT WARNING * * *
You are more poisoned.
The black mamba poisons you!
Okay, then.
Okay, then.
Okay, then.
Okay, then.
You fade into invisibility!
* * * LOW HITPOINT WARNING * * *
You feel very sick. The black mamba bites you!
* * * LOW HITPOINT WARNING * * *
The black mamba closely misses you.
You are very lightly contaminated with residual magic.
Okay, then.
You hit the black mamba.
You kill the black mamba!
Okawaru accepts your kill.
Your Dodging skill increases to level 3!
You die...

**,,,,,,,,,,,** #.......
**,,,,,,,,,,,,* ###.###.
*,,,,,,/.....,*** ### ##
*,,,,,,......#*,* #
,,,,,,.........,*
,,,,,,.........** ######
,..............* ##P...##
*#............#### #......#
##............#.@##### ##.....#
#.............H####.P## #.....##
...............###....#####P..PP.
.....#......#...###.....###..P...
..........###....###....##.......
.<##.....###.....# ##...##.#.....
Y...#............####...........#
...#..#.....#.##.....PP..P..##.#.
...#######..########......#######


You could see a hippogriff.

Vanquished Creatures
  The ghost of nht the Brawler, a journeyman DrTm of Vehumet (Lair:6)
  7 hydras
  A catoblepas (Lair:6)
  3 two-headed ogres
  9 death yaks
  Sonja (D:10)
  An unseen horror (D:11)
  2 ugly things (D:11)
  A cyclops (D:11)
  2 manticores (Lair:6)
  10 elephants
  5 black mambas
  2 gargoyles
  Joseph (D:10)
  9 spiny frogs
  2 torpor snails
  5 rime drakes
  2 komodo dragons
  2 polar bears
  2 trolls (D:11)
  A hornet (D:11)
  12 dream sheep
  7 hippogriffs
  A spriggan (D:9)
  A shadow (D:11)
  A wyvern (D:9)
  3 basilisks
  34 yaks
  A hungry ghost (D:9)
  A steam dragon (D:8)
  Menkaure (D:7)
  A warg (D:9)
  14 water moccasins
  Duvessa (D:7)
  9 porcupines
  A black bear (D:7)
  8 orc warriors
  5 ice beasts
  5 sky beasts
  2 ogres
  2 phantoms
  3 eyes of draining
  2 necrophages
  9 wolves
  3 centaurs
  16 crocodiles
  3 big kobolds
  9 bullfrogs
  6 scorpions
  Dowan (D:7)
  A water moccasin skeleton (D:10)
  7 killer bees
  11 wights
  An electric eel (Lair:2)
  14 crimson imps
  4 jellies
  A gnoll shaman (D:7)
  12 orc priests
  8 hounds
  Crazy Yiuf (D:3)
  A bullfrog skeleton (D:5)
  2 centaur skeletons (D:11)
  12 orc wizards
  7 iguanas
  7 hell rats (Lair:6)
  A merfolk siren (Sewer)
  12 worker ants
  A merfolk avatar (Sewer)
  A hound zombie (D:10)
  A hound skeleton (D:7)
  A worker ant zombie (D:6)
  13 gnolls
  A howler monkey skeleton (D:4)
  16 adders
  4 river rats
  A shadow imp (D:7)
  A white imp (D:7)
  3 adder skeletons
  An adder zombie (D:8)
  3 worms
  3 dart slugs
  8 leopard geckos
  53 orcs
  5 ball pythons
  8 bats
  13 giant cockroaches
  9 goblins
  12 hobgoblins
  23 jackals
  2 quokkas
  9 frilled lizards
  17 kobolds
  35 rats
  3 fungi
  2 plants (Lair:6)
582 creatures vanquished.

Vanquished Creatures (others)
  An orc wizard (D:10)
  20 fungi
  18 plants
39 creatures vanquished.

Grand Total: 621 creatures vanquished

Notes
Turn   | Place    | Note
-------+----------+-------------------------------------------
     0 | D:1      | erloom the Minotaur Fighter began the quest for the Orb.
     0 | D:1      | Reached XP level 1. HP: 19/19 MP: 0/0
    77 | D:1      | Reached skill level 4 in Fighting
    77 | D:1      | Reached XP level 2. HP: 27/27 MP: 1/1
   375 | D:1      | Reached XP level 3. HP: 34/34 MP: 2/2
   451 | D:1      | You fall through a shaft!
   710 | D:2      | Reached skill level 5 in Fighting
   786 | D:2      | Reached XP level 4. HP: 42/42 MP: 3/3
   851 | D:2      | Found a faded altar of an unknown god.
  1512 | D:3      | Noticed an eye of draining
  1524 | D:3      | Noticed an eye of draining
  1540 | D:3      | Killed an eye of draining
  1540 | D:3      | Reached skill level 6 in Fighting
  1540 | D:3      | Reached XP level 5. HP: 50/50 MP: 0/4
  1547 | D:3      | Killed an eye of draining
  1547 | D:3      | Reached skill level 5 in Axes
  1547 | D:3      | Reached XP level 6. HP: 58/58 MP: 0/5
  1553 | D:3      | Found a bloodstained altar of Trog.
  1652 | D:3      | Found a shimmering altar of Xom.
  1655 | D:3      | Found a shimmering altar of Xom.
  1656 | D:3      | Found a shimmering altar of Xom.
  1657 | D:3      | Found a shimmering altar of Xom.
  1814 | D:3      | Found a runed door.
  1818 | D:3      | Noticed Crazy Yiuf
  1822 | D:3      | Killed Crazy Yiuf
  2307 | D:4      | Found a glowing drain.
  2320 | D:4      | Reached skill level 7 in Fighting
  2333 | Sewer    | Entered a sewer
  2587 | Sewer    | Reached XP level 7. HP: 64/66 MP: 6/6
  2707 | D:4      | Found a snail-covered altar of Cheibriados.
  2741 | D:4      | Reached skill level 8 in Fighting
  2946 | D:4      | Found an opulent altar of Gozag.
  3152 | D:4      | Found a shadowy altar of Dithmenos.
  3224 | D:4      | Found a stormy altar of Qazlal.
  3225 | D:4      | Found an ornate altar of the Wu Jian Council.
  3669 | D:5      | Entered Level 5 of the Dungeon
  3704 | D:5      | Reached XP level 8. HP: 77/77 MP: 7/7
  3749 | D:5      | Found a staircase to the Ecumenical Temple.
  3758 | Temple   | Entered the Ecumenical Temple
  3845 | D:5      | Reached skill level 9 in Fighting
  4462 | D:5      | Found a deep blue altar of Sif Muna.
  4650 | D:6      | Found a white marble altar of Elyvilon.
  4714 | D:6      | Found a hazy altar of Hepliaklqana.
  4795 | D:6      | Reached skill level 10 in Fighting
  4804 | D:6      | Found a hide-covered altar of Uskayaw.
  4944 | D:6      | Found a sacrificial altar of Ru.
  5107 | D:6      | Found Edopuam's Gadget Shoppe.
  5292 | D:6      | Found a blossoming altar of Fedhas.
  5293 | D:6      | Found an ancient bone altar of Kikubaaqudgha.
  5388 | D:6      | Reached skill level 5 in Armour
  5388 | D:6      | Reached XP level 9. HP: 86/86 MP: 8/8
  5409 | D:6      | Found a deep blue altar of Sif Muna.
  5559 | D:7      | Noticed Menkaure
  5569 | D:7      | Killed Menkaure
  5569 | D:7      | Reached skill level 10 in Axes
  5849 | D:7      | Noticed Duvessa
  5849 | D:7      | Noticed Dowan
  5871 | D:7      | Killed Dowan
  5873 | D:7      | Killed Duvessa
  6183 | D:7      | Reached skill level 11 in Fighting
  6806 | D:8      | Noticed a two-headed ogre
  6818 | D:8      | Killed a two-headed ogre
  6818 | D:8      | Reached XP level 10. HP: 27/97 MP: 9/9
  7672 | D:8      | Reached skill level 12 in Fighting
  7783 | D:8      | Found Doqasheh's Book Emporium.
  8259 | D:9      | Found an iron altar of Okawaru.
  8264 | D:9      | Became a worshipper of Warmaster Okawaru
  8437 | D:9      | Found a staircase to the Orcish Mines.
  8727 | D:9      | Reached * piety under Okawaru
  8861 | D:9      | Found a glowing golden altar of the Shining One.
  9005 | D:9      | Found a hazy altar of Hepliaklqana.
  9322 | D:10     | Entered Level 10 of the Dungeon
  9420 | D:10     | Found Pues's Elemental Accessories.
  9420 | D:10     | Noticed Joseph
  9438 | D:10     | Killed Joseph
  9721 | D:10     | Noticed Sonja
 10174 | D:10     | Killed Sonja
 10174 | D:10     | Reached ** piety under Okawaru
 10174 | D:10     | Reached skill level 5 in Shields
 10385 | D:10     | Noticed a two-headed ogre
 10396 | D:10     | Killed a two-headed ogre
 10396 | D:10     | Reached XP level 11. HP: 38/106 MP: 10/10
 10661 | D:10     | Reached skill level 13 in Fighting
 10773 | D:10     | Reached *** piety under Okawaru
 10952 | D:11     | Reached skill level 10 in Armour
 11396 | D:11     | Noticed a red ugly thing
 11412 | D:11     | Killed a red ugly thing
 11412 | D:11     | Reached **** piety under Okawaru
 11428 | D:11     | Found a staircase to the Lair.
 11428 | D:11     | Noticed an unseen horror
 11434 | D:11     | Killed an unseen horror
 12052 | D:11     | Reached ***** piety under Okawaru
 12070 | D:11     | Noticed a white ugly thing
 12538 | D:11     | Killed a white ugly thing
 12792 | D:11     | Noticed a two-headed ogre
 12801 | D:11     | Killed a two-headed ogre
 12801 | D:11     | Reached skill level 1 in Evocations
 13102 | D:11     | Reached XP level 12. HP: 112/116 MP: 12/12
 13325 | Lair:1   | Entered Level 1 of the Lair of Beasts
 13492 | Lair:1   | Reached skill level 14 in Fighting
 15079 | Lair:2   | Received a gift from Okawaru
 15464 | Lair:2   | Noticed a four-headed hydra
 15468 | Lair:2   | Killed a five-headed hydra
 15639 | Lair:2   | Got a warped scale mail
 15641 | Lair:2   | Identified the +3 scale mail "Zyoskis" {+Fly} (You found it on level 2 of the Lair of Beasts)
 15644 | Lair:2   | Found a staircase to the Swamp.
 16295 | Lair:3   | Noticed a death yak
 16296 | Lair:3   | Noticed a death yak
 16302 | Lair:3   | Noticed a death yak
 16304 | Lair:3   | Noticed a death yak
 16306 | Lair:3   | Killed a death yak
 16313 | Lair:3   | Killed a death yak
 16319 | Lair:3   | Killed a death yak
 16322 | Lair:3   | Killed a death yak
 16322 | Lair:3   | Reached ****** piety under Okawaru
 16808 | Lair:3   | Identified the Reference Book on the Excruciating Mountains
 16815 | Lair:3   | Noticed an eight-headed hydra
 16832 | Lair:3   | Killed an eight-headed hydra
 17220 | Lair:3   | Received a gift from Okawaru
 17567 | Lair:3   | Reached skill level 15 in Fighting
 17572 | Lair:3   | Reached XP level 13. HP: 104/126 MP: 15/15
 17687 | Lair:3   | Received a gift from Okawaru
 17695 | Lair:3   | Reached skill level 5 in Evocations
 17702 | Lair:3   | Got a brightly glowing ring mail {god gift}
 17707 | Lair:3   | Identified the +3 ring mail of the Ban {Dex+5 SInv} (Okawaru gifted it to you on level 3 of the Lair of Beasts)
 18761 | Lair:4   | Found a hole to the Spider Nest.
 20060 | Lair:6   | Entered Level 6 of the Lair of Beasts
 20152 | Lair:6   | Reached skill level 15 in Axes
 21037 | Lair:5   | Received a gift from Okawaru
 21705 | Lair:6   | Reached skill level 16 in Fighting
 21903 | Lair:6   | Noticed nht's ghost (journeyman DrTm)
 21920 | Lair:6   | HP: 6/128 [burnt (8)]
 22437 | Lair:6   | Reached skill level 1 in Dodging
 22448 | Lair:6   | Reached XP level 14. HP: 69/137 MP: 16/18
 23103 | Lair:6   | Killed nht's ghost
 23259 | Lair:6   | HP: 2/137 [black mamba (9)]
 23260 | Lair:6   | Succumbed to a black mamba's poison

Vault maps used:
D:1:      nicolae_arrival_memento_mori
D:2:      chequers_ecumenical_altar_grove
D:3:      xom_redecorated, first_bread, columned_hall_lemuel,
          serial_park_tiny_2, minivault_23, trog_eyes_of_draining,
          uniq_crazy_yiuf_cottage
D:4:      grunt_gozag_breadcrumbs, grunt_dithmenos_smoke,
          chequers_temple_overflow_statue_of_worship, kennysheep_slug_shrine,
          portal_sewer_entry_b, bh_walls_and_bars
D:5:      minmay_temple_entry_statues_pillars, lemuel_blue_sif_altar
D:6:      grunt_temple_overflow_growth_and_decay, lemuel_coloured_pillars_altar,
          nicolae_overflow_hidden_temple, kennysheep_little_box,
          elyvilon_altar_1, basic_altar, serial_shops, nicolae_shop_behind_doors
D:7:      minmay_nine_imps, uniq_menkaure, uniq_duvessa
D:8:      serial_shops, shop, serial_bayou_crossing
D:9:      nicolae_tso_swordbearing_angel, lemuel_crystal_altar,
          kennysheep_mini_moat, david_orc_3, the_bakery, due_unseen_surprise
D:10:     nicolae_elemental_shop, uniq_joseph, uniq_sonja
D:11:     david_lair_generic
Temple:   corrupted_temple
Lair:1:   lemuel_fruit_tree
Lair:2:   swamp_mist, nicolae_quartered_pool_super
Lair:3:   beast_lair_carwin_6
Lair:4:   spider_nest_entry_web_field, minmay_lair_oklob_chamber,
          lemuel_fruit_fields
Lair:5:   minmay_slime_entry_oklob_enclosed
Lair:6:   evilmike_catoblepas_cave, st_stairs_7
Sewer:    sewer_sea

Skill      XL: |  1  2  3  4  5  6  7  8  9 10 11 12 13 14 |
---------------+-------------------------------------------+-----
Fighting       | 4 5 6 7 8 10 11 12 13 15 16 | 16.2
Axes           | 3 4 5 6 8 9 11 12 13 14 15 | 15.6
Armour         | 5 7 9 11 12 13 14 | 14.0
Shields        | 5 7 8 |  8.6
Evocations     | 1 4 6 7 |  7.2
Dodging        | 1 3 |  3.0

Action                   |  1- 3 |  4- 6 |  7- 9 | 10-12 | 13-15 || total
-------------------------+-------+-------+-------+-------+-------++-------
Melee: War axe           |   113 |   225 |   387 |    92 |       ||   817
       Headbutt          |    14 |    22 |    66 |   144 |    73 ||   319
       Broad axe         |       |       |       |   508 |       ||   508
       Executioner's axe |       |       |       |    86 |   295 ||   381
       Morningstar       |       |       |       |     9 |    28 ||    37
Invok: Heroism           |       |       |       |     1 |     4 ||     5
Evoke: Wand              |       |       |       |       |     8 ||     8
  Use: Scroll            |       |     9 |     6 |    16 |     4 ||    35
       Potion            |       |       |     5 |     1 |    10 ||    16
 Stab: Held in net/web   |       |       |       |       |     1 ||     1
  Eat: Chunk             |       |     6 |    14 |    49 |    12 ||    81
       Bread ration      |       |       |       |     1 |       ||     1
Armor: Scale mail        |    39 |       |       |       |       ||    39
       Plate armour      |    35 |   125 |   209 |   346 |   359 ||  1074
Dodge: Dodged            |    30 |    25 |    59 |   151 |   181 ||   446
Block: Shield            |    62 |   111 |   183 |   230 |       ||   586
